 Dungeon Crawl Stone Soup version 0.31-a0-700-gf13585253f (webtiles) character file.

Game seed: 7794570554372863685

16 qw the Shooter (level 2, 0/17 HPs)
             Began as a Gargoyle Hunter on Sept 7, 2023.
             Killed from afar by Natasha (9 damage)
             ... with a magic dart
             ... on level 1 of the Dungeon.
             The game lasted 00:00:13 (613 turns).

qw the Shooter (Gargoyle Hunter)                     Turns: 613, Time: 00:00:13

Health: 0/17       AC:  5    Str: 14    XL:     2   Next: 54%
Magic:  2/2        EV: 11    Int:  9    God:
Gold:   58         SH:  0    Dex: 13    Spells: 1/1 levels left

rFire   . . .        Y - +0 shortbow
rCold   . . .        (shield currently unavailable)
rNeg    + . .        c - +0 leather armour
rPois   inf          (no helmet)
rElec   +            (no cloak)
rCorr   .            (no gloves)
SInv    .            (no boots)
Will    .....        (no amulet)
Stlth   +            (no ring)
HPRegen 0.22/turn    (no ring)
MPRegen 0.08/turn

%: no passive effects
@: no status effects
A: sickness immunity, AC +2, negative energy resistance 1, electricity
resistance, torment resistance 1, petrification resistance
a: no special abilities


You were on level 1 of the Dungeon.
You visited 1 branch of the dungeon, and saw 2 of its levels.

You collected 58 gold pieces.


Innate Abilities, Weirdness & Mutations

You are immune to sickness and miasma.
Your stone body is resilient. (AC +2)
You are immune to poison.
You resist negative energy. (rN+)
You are resistant to electric shocks. (rElec)
You are resistant to unholy torment.
You are immune to petrification.


   Skills:
 - Level 2.1 Fighting
 + Level 4.6 Ranged Weapons
 - Level 1.5 Dodging
 - Level 1.1 Stealth


You had one spell level left.
You didn't know any spells.
Your spell library was empty.

Inventory:

Hand Weapons
 Y - a +0 shortbow (weapon)
Armour
 c - a +0 leather armour (worn)
Scrolls
 e - a scroll of teleportation
Potions
 f - a potion of degeneration {unknown}
 g - a potion of curing
 h - a potion of attraction {unknown}

Dungeon Overview and Level Annotations

Branches:
Dungeon (2/15)

Altars:

Annotations:
D:1 Natasha


Message History

Waypoint 1 assigned to D:2.
You shoot an arrow.
The arrow hits Natasha but does no damage.
Natasha hisses angrily.
You hear an angry hiss.
A frilled lizard comes into view.
You shoot an arrow. The arrow hits Natasha.
Natasha is moderately wounded.
605 ||| STAIRDANCE Natasha zaps a wand.
The puff of flame hits you.
You climb upwards.
There is a stone staircase leading down here.
You shoot an arrow.
The arrow hits Natasha but does no damage.
Natasha is moderately wounded.
Natasha completely misses you.
You shoot an arrow. The arrow closely misses Natasha.
Natasha growls.
Natasha barely misses you.
You shoot an arrow. The arrow hits Natasha.
Natasha is heavily wounded.
Natasha stares at you and mumbles some strange words.
You resist with significant effort.
You shoot an arrow. The arrow completely misses Natasha.
Natasha howls an incantation.
You feel troubled. Natasha claws you but does no damage.
You shoot an arrow. The arrow closely misses Natasha.
Natasha misses you.
Natasha wildly gestures.
Natasha shimmers violently.
Natasha claws you but does no damage.
You shoot an arrow. The arrow closely misses Natasha.
Natasha zaps a wand.
The puff of flame hits you!
You shoot an arrow. The arrow hits Natasha.
Natasha is almost dead.
Natasha stares at you and mumbles some strange words.
The magic dart hits you!
Ouch! That really hurt!
You die...
Natasha curls up and begins to purr.

#.# #.# #........# #.# #.#
#.######.# #.# #.# #.# #.### #
###.### #.# #.# #.... ## #.....#
####.# #.# #####
.######.....###.##.# #.#
............##...#%# #.#
.######...........)# #.# ##
#....>##.h@#.# #[#### #
##.######.##.###....# ### #
#.##.).?...........#####.. ######
#.##.###.#................ .....#
#.##.# #........###.##.##. ####.#
#.##.# ##.#.##.## ##..###. ...#.#
#.##.# #.#.#.## ##.....
##.#.###.##.# #.#.#..## ##......
##..........####.#...#.###.#####.


You could see Natasha.

Vanquished Creatures
  3 ball pythons (D:1)
  An endoplasm (D:1)
  A giant cockroach (D:1)
  A goblin (D:1)
  3 hobgoblins (D:1)
  A quokka (D:1)
  2 bats (D:1)
  A rat (D:1)
13 creatures vanquished.

Notes
Turn   | Place    | Note
-------+----------+-------------------------------------------
     0 | D:1      | qw the Gargoyle Hunter began the quest for the Orb.
     0 | D:1      | Reached XP level 1. HP: 12/12 MP: 1/1
     0 | D:1      | 0 ||| qw: Version: 0.3-a-76-g4403597
     0 | D:1      | 0 ||| qw: Game counter: 696
     0 | D:1      | 0 ||| qw: Melee chars always use a shield: true
     0 | D:1      | 0 ||| qw: God list: Okawaru
     0 | D:1      | 0 ||| qw: Allow faded altars: false
     0 | D:1      | 0 ||| qw: Do Orc after clearing Dungeon:15 true
     0 | D:1      | 0 ||| qw: Do second Lair branch before Depths: true
     0 | D:1      | 0 ||| qw: Lair rune preference: random
     0 | D:1      | 0 ||| qw: Goals: Normal
     0 | D:1      | 0 ||| PLANNING D:1-11
   108 | D:1      | Reached XP level 2. HP: 17/17 MP: 2/2
   592 | D:1      | 592 ||| READING scroll labelled MAKUS YCWORA.
   593 | D:1      | 593 ||| READING 2 scrolls labelled KESHUSTROMODD.
   597 | D:1      | 597 ||| DRINKING 2 emerald potions.
   598 | D:1      | 598 ||| DROPPING scroll of butterflies.
   602 | D:2      | Noticed Natasha
   605 | D:2      | 605 ||| STAIRDANCE
   613 | D:1      | Killed from afar by Natasha

Levels and vault maps discovered:
D:1:      mrwooster_arrival_statue, layout_loops_ring
D:2:      layout_loops_ring, nicolae_ecumenical_oubliette, uniq_natasha

Action                     || total
---------------------------++-------
   Fire: Shortbow          ||    51
    Use: Scroll            ||     2
         Potion            ||     1
 Armour: Leather armour    ||    13
  Dodge: Dodged            ||    19

Table legend:
 A = Non-vault XP
 B = Vault XP
 C = Vault XP percentage of total XP
 D = Non-vault monster count
 E = Vault monster count
 F = Vault count percentage of total count
                 A         B        C        D         E       F
            +---------+---------+-------+---------+---------+-------
      Total |      23 |       0 |   0.0 |      13 |       0 |   0.0
            +---------+---------+-------+---------+---------+-------
        D:1 |      23 |       0 |   0.0 |      13 |       0 |   0.0
            +---------+---------+-------+---------+---------+-------
